 Dungeon Crawl Stone Soup version 0.22-a0-159-g7ce444f (webtiles) character file.

46 Azzok the Vexing (level 3, 0/19 HPs)
             Began as a Deep Elf Enchanter on Feb 9, 2018.
             Slain by a gnoll
             ... wielding a +0 whip
              (5 damage)
             ... on level 1 of the Dungeon.
             The game lasted 00:02:55 (1828 turns).

Azzok the Vexing (Deep Elf Enchanter)               Turns: 1828, Time: 00:02:56

Health: 0/19       AC:  2    Str:  5    XL:     3   Next: 46%
Magic:  5/9        EV: 13    Int: 20    God:
Gold:   150        SH:  0    Dex: 15    Spells: 5/8 levels left

rFire    . . .     SeeInvis .   a - +1 dagger
rCold    . . .     Gourm    .   (no shield)
rNeg     + . .     Faith    .   b - +0 robe
rPois    .         Spirit   .   (no helmet)
rElec    .         Reflect  .   (no cloak)
rCorr    .         Harm     .   (no gloves)
MR       .....                  (no boots)
Stlth    +++.......             (no amulet)
HPRegen  0.06/turn              j - ring of positive energy
MPRegen  0.11/turn              (no ring)

@: very slightly contaminated
A: no striking features
a: no special abilities


You were on level 1 of the Dungeon.
You were not hungry.

You visited 1 branch of the dungeon, and saw 2 of its levels.

You collected 150 gold pieces.

Inventory:

Hand Weapons
 a - a +1 dagger (weapon)
Armour
 b - a +0 robe (worn)
Jewellery
 j - a ring of positive energy (left hand)
Scrolls
 e - 2 scrolls of enchant armour {unknown}
 f - 2 scrolls of identify {unknown}
 g - a scroll of enchant weapon {unknown}
 h - a scroll of remove curse {unknown}
Books
 c - a book of Maledictions

   Spells                             Type                      Level
   a - Corona                         Hexes                        1
   b - Ensorcelled Hibernation        Hexes/Ice                    2
   c - Confuse                        Hexes                        3
   d - Tukima's Dance                 Hexes                        3
   e - Dazzling Spray                 Conjuration/Hexes            3
Comestibles
 d - a ration
 i - a chunk of flesh


   Skills:
 + Level 2.1 Short Blades
 - Level 2.4 Dodging
 + Level 4.4 Stealth
 - Level 3.0 Spellcasting
 + Level 4.7 Hexes


You had 5 spell levels left.
You knew the following spells:

 Your Spells              Type           Power        Failure   Level  Hunger
a - Corona                Hex            ###....      1%          1    None
b - Ensorcelled Hibernat  Hex/Ice        ##....       9%          2    ##.....


Dungeon Overview and Level Annotations

Branches:
Dungeon (2/15)

Altars:


Message History

The gnoll is outlined in light.
The gnoll completely misses you.
You hit the gnoll but do no damage. You hit the gnoll but do no damage.
The gnoll hits you with a whip.
You hit the gnoll but do no damage.
The gnoll is no longer unusually resistant.
The gnoll closely misses you.
You hit the gnoll.
The gnoll is moderately wounded.
The gnoll hits you with a whip.
You hit the gnoll.
The gnoll is moderately wounded.
The gnoll hits you with a whip.
* * * LOW HITPOINT WARNING * * *
You hit the gnoll.
The gnoll is heavily wounded.
The gnoll barely misses you.
You hit the gnoll.
The gnoll is heavily wounded.
The gnoll hits you with a whip.
You die...

▒······▒ ▒·▒▒▒ ▒······▒ ▒▒▒▒▒·▒▒▒
▒▒▒······▒ ▒········
··▒······▒▒▒▒ ▒'▒▒·····
▒·▒······'··▒ ▒··▒▒▒···
▒·▒······▒▒·▒▒▒▒▒▒▒▒▒▒ ▒····▒···
▒·▒·▒▒▒▒▒▒▒··········▒▒▒▒····▒···
▒·▒·▒··········g········▒'▒♣·▒▒▒▒
▒·▒·▒···········@·········▒▒'▒···
▒·▒·▒····························
▒·▒·▒················▒▒··········
·>····[·····)····················
▒·▒····▒········▒▒▒▒)▒▒▒▒▒▒▒▒▒▒▒▒
·······╬········▒ ▒·▒ ▒
▒▒▒·▒▒·▒········▒ ▒·▒
▒···▒▒·▒▒▒▒▒▒▒▒▒▒ ▒·▒▒ ▒·▒▒▒▒'▒▒
▒··▒


You could see a gnoll.

Vanquished Creatures
  A gnoll (D:2)
  2 dart slugs (D:1)
  A leopard gecko (D:1)
  A ball python (D:1)
  3 giant cockroaches (D:1)
  3 goblins
  3 hobgoblins (D:1)
  2 jackals (D:1)
  5 bats
  A frilled lizard (D:1)
  4 kobolds
  5 rats (D:1)
31 creatures vanquished.

Notes
Turn   | Place    | Note
-------+----------+-------------------------------------------
     0 | D:1      | Azzok the Deep Elf Enchanter began the quest for the Orb.
     0 | D:1      | Reached XP level 1. HP: 10/10 MP: 6/6
   426 | D:1      | Reached XP level 2. HP: 3/15 MP: 8/8
   700 | D:1      | Learned a level 2 spell: Ensorcelled Hibernation
  1183 | D:1      | Reached XP level 3. HP: 19/19 MP: 6/9
  1828 | D:1      | Slain by a gnoll

Vault maps used:
D:1:      dpeg_arrival_lava_temple_mockup, kennysheep_nondescript
D:2:      first_ration, minmay_misc_feat_iff

Skill      XL: |  1  2  3 |
---------------+----------+-----
Stealth        | 4 |  4.4
Short Blades   | 2 |  2.1
Dodging        | |  2.4
Spellcasting   | |  3.0
Hexes          | |  4.7

Action                   || total
-------------------------++-------
Melee: Dagger            ||    99
 Cast: Corona            ||     5
       Ensorcelled Hiber ||    13
 Stab: Sleeping          ||    17
  Eat: Chunk             ||     3
Armor: Robe              ||    18
Dodge: Dodged            ||    66

Table legend:
 A = Spawn XP
 B = Non-spawn XP
 C = Spawn XP percentage of total XP
 D = Spawn monster count
 E = Non-spawn monster count
 F = Spawn count percentage of total count
 G = Total turns spent on level
                    A         B        C        D         E        F      G
               +---------+---------+-------+---------+---------+-------+---------
         Total |       0 |      67 |   0.0 |       0 |      31 |   0.0 |  1828
               +---------+---------+-------+---------+---------+-------+---------
           D:1 |       0 |      46 |   0.0 |       0 |      25 |   0.0 |  1611
           D:2 |       0 |      21 |   0.0 |       0 |       6 |   0.0 |   217
               +---------+---------+-------+---------+---------+-------+---------
